[Event "Titled Tuesday Blitz February 28 Early 2023"]
[White "Roebers, Eline"]
[Black "Kuchava, Ana"]
[WhiteFideId "1058401"]
[BlackFideId "13605348"]
[WhiteElo "2559"]
[BlackElo "2001"]
[Result "0-1"]
[Round "01"]
[TimeControl "180+2"]
[Date "2023.02.28"]
[WhiteClock "0:00:10"]
[BlackClock "0:00:07"]

1. e4 c5 2. b4 cxb4 3. a3 bxa3 4. Nxa3 Nc6 5. d4 d5 6. e5 e6 7. c3 Nge7 8. f4 h5 9. Bd3 g6 10. Nf3 Nf5 11. g3 Bd7 12. Kf2 Be7 13. Nc2 a6 14. Ba3 b5 15. Bxe7 Qxe7 16. Bxb5 O-O 17. Bd3 a5 18. h3 h4 19. gxh4 Nxh4 20. Rg1 Nxf3 21. Qxf3 Qh4+ 22. Ke3 Kg7 23. Rg4 Qh6 24. Rag1 Ne7 25. Kd2 Rh8 26. h4 Kf8 27. c4 Bc6 28. c5 a4 29. Na3 Nf5 30. Bxf5 exf5 31. R4g3 Qxh4 32. e6 fxe6 33. Rxg6 Ra7 34. Rxe6 Rc7 35. Re5 Qf6 36. Rg5 Rh2+ 37. Ke3 Re7 38. Rxf5 Qxf5 39. Qg3 Rh3 40. Kf2 Rxg3 41. Kxg3 Qg6+ 42. Kf3 Rxe5 43. fxe5 Qd3+ 44. Kf4 Qxa3 45. Kf5 Qb4 46. Ke6 Ke8 47. Kd6 a3 48. e6 a2 49. Kxc6 a1=Q 50. Kd6 Qa6+ 51. Ke5 Qe1+ 52. Kxd5 Qa8+ 53. Kc4 Qa4+ 54. Kd5 Qd2 55. Kd6 Qdxd4+ 56. Kc7 Qxc5+ 57. Kb8 Qaa7# 0-1


[Site "https://www.chess.com"]

[Event "Titled Tuesday Blitz February 28 Early 2023"]
[White "lisjakzlatko1"]
[Black "benny_aizenberg"]
[WhiteElo "2164"]
[BlackElo "2554"]
[Result "0-1"]
[Round "01"]
[TimeControl "180+2"]
[Date "2023.02.28"]
[WhiteClock "0:00:05"]
[BlackClock "0:01:23"]

1. e4 c5 2. b4 cxb4 3. Bb2 d5 4. exd5 Qxd5 5. d4 Nf6 6. c4 bxc3 7. Nxc3 Qa5 8. Nf3 e6 9. Bc4 Bb4 10. Rc1 O-O 11. O-O b6 12. Qb3 Ba6 13. a3 Bxc4 14. Qxc4 Bxc3 15. Rxc3 Nbd7 16. Ne5 Nxe5 17. dxe5 Qxe5 18. Rb3 Qd5 19. Qa4 Ne4 20. f3 Nd2 21. Rd1 Qxb3 22. Qd4 Qxd1+ 23. Kf2 Qf1+ 24. Kg3 Qe1+ 25. Kh3 e5 0-1


[Site "https://www.chess.com"]

[Event "Titled Tuesday Blitz February 28 Early 2023"]
[White "Migot, Tangi"]
[Black "Kiseleva, Arina"]
[WhiteFideId "662445"]
[BlackFideId "4164989"]
[WhiteElo "2554"]
[BlackElo "1756"]
[Result "1-0"]
[Round "01"]
[TimeControl "180+2"]
[Date "2023.02.28"]
[WhiteClock "0:01:37"]
[BlackClock "0:00:33"]

1. e4 c6 2. Nc3 d5 3. Qf3 dxe4 4. Nxe4 Nf6 5. Bc4 Nbd7 6. d4 e6 7. Ne2 Nxe4 8. Qxe4 Nf6 9. Qh4 Be7 10. Bd2 h6 11. O-O-O b5 12. Bd3 Bb7 13. Qg3 Kf8 14. h4 Bd6 15. Qh3 a5 16. g4 a4 17. f4 a3 18. b3 c5 19. g5 hxg5 20. fxg5 Nh5 21. Rhf1 Qc7 22. Bg6 Kg8 23. Bxf7+ Kh7 24. g6# 1-0


[Site "https://www.chess.com"]

[Event "Titled Tuesday Blitz February 28 Early 2023"]
[White "Winkels, Marcel"]
[Black "Olenik Campa, Rudi"]
[WhiteFideId "1003887"]
[BlackFideId "14633264"]
[WhiteElo "1900"]
[BlackElo "2068"]
[Result "1-0"]
[Round "01"]
[TimeControl "180+2"]
[Date "2023.02.28"]
[WhiteClock "0:00:38"]
[BlackClock "0:01:15"]

1. e4 d6 2. d4 Nd7 3. Nc3 c5 4. Nf3 cxd4 5. Nxd4 g6 6. Be3 Bg7 7. f3 a6 8. Qd2 b5 9. O-O-O Bb7 10. g4 Qa5 11. Kb1 Ngf6 12. g5 Nh5 13. Nd5 Qxd2 14. Rxd2 Bxd5 15. exd5 O-O 16. Nc6 Rfe8 17. Be2 Ne5 18. f4 Nxc6 19. dxc6 Rac8 20. Bf3 e5 21. Rxd6 exf4 22. Bb6 Be5 23. Rd7 Ng7 24. Re1 Nf5 25. Bd5 Nd6 26. c7 Bd4 27. Rxe8+ Rxe8 28. Rd8 1-0


[Site "https://www.chess.com"]

[Event "Titled Tuesday Blitz February 28 Early 2023"]
[White "Fiorito, Francisco"]
[Black "Tarnowska, Aleksandra"]
[WhiteFideId "180165"]
[BlackFideId "1180967"]
[WhiteElo "2341"]
[BlackElo "1776"]
[Result "1-0"]
[Round "01"]
[TimeControl "180+2"]
[Date "2023.02.28"]
[WhiteClock "0:01:19"]
[BlackClock "0:00:04"]

1. d4 d5 2. Nc3 e6 3. Bf4 c6 4. Nf3 Nf6 5. e3 Bd6 6. Bxd6 Qxd6 7. Bd3 Nbd7 8. O-O e5 9. dxe5 Nxe5 10. Nxe5 Qxe5 11. h3 O-O 12. Qf3 Qg5 13. Rad1 Be6 14. Rfe1 Rad8 15. Ne2 Ne4 16. Nf4 Rfe8 17. Bxe4 dxe4 18. Qxe4 Bd5 19. Qb4 Re4 20. Rxd5 cxd5 21. Qxb7 Qe5 22. Rd1 d4 23. Qxa7 g5 24. Nd3 Qe7 25. Qxe7 Rxe7 26. exd4 Rxd4 27. Kf1 f6 28. b3 Ra7 29. a4 Rc7 30. Rd2 f5 31. Ke2 f4 32. f3 h5 33. Nf2 Re7+ 34. Kd1 Rxd2+ 35. Kxd2 Kf7 36. Ne4 Kg6 37. a5 Kf5 38. b4 g4 39. hxg4+ hxg4 40. b5 gxf3 41. gxf3 Rd7+ 42. Ke2 Rd5 43. c4 Rd4 44. a6 Rxc4 45. Nd6+ 1-0


[Site "https://www.chess.com"]

[Event "Titled Tuesday Blitz February 28 Early 2023"]
[White "Sailer, Mike"]
[Black "Stijve, Theo"]
[WhiteFideId "2012901"]
[BlackFideId "1331132"]
[WhiteElo "2109"]
[BlackElo "2256"]
[Result "0-1"]
[Round "01"]
[TimeControl "180+2"]
[Date "2023.02.28"]
[WhiteClock "0:00:01"]
[BlackClock "0:00:19"]

1. d4 d5 2. Bg5 Nf6 3. Bxf6 gxf6 4. e3 c5 5. Nf3 Nc6 6. c4 cxd4 7. Nxd4 dxc4 8. Bxc4 Nxd4 9. exd4 Rg8 10. O-O Qc7 11. Qb3 e6 12. Nc3 a6 13. d5 b5 14. Bd3 Bd6 15. g3 f5 16. Rac1 Qb6 17. Rfe1 Bxg3 18. hxg3 Rxg3+ 19. Kf1 Rxd3 20. dxe6 Bxe6 21. Nd5 Qd4 22. Rxe6+ Kf8 23. Qc2 fxe6 24. Ne3 Rd8 25. Qc7 Qd7 26. Qe5 Qg7 27. Qf4 R3d4 28. Qf3 Qh6 29. Ke2 Rf4 30. Qb7 Qh5+ 0-1


[Site "https://www.chess.com"]

[Event "Titled Tuesday Blitz February 28 Early 2023"]
[White "Demin, Vladimir"]
[Black "Michalski, Olaf"]
[WhiteFideId "4167457"]
[BlackFideId "1106740"]
[WhiteElo "2549"]
[BlackElo "2173"]
[Result "1-0"]
[Round "01"]
[TimeControl "180+2"]
[Date "2023.02.28"]
[WhiteClock "0:01:38"]
[BlackClock "0:00:02"]

1. e4 c5 2. Nf3 a6 3. c3 Nf6 4. e5 Nd5 5. d4 e6 6. c4 Nb6 7. d5 d6 8. Nc3 dxe5 9. Nxe5 exd5 10. cxd5 Bd6 11. Nc4 Nxc4 12. Bxc4 O-O 13. O-O Bf5 14. Bd3 Qh4 15. g3 Qf6 16. Be3 Bh3 17. Re1 Bf5 18. Ne4 Bxe4 19. Bxe4 Nd7 20. Bd2 Rfe8 21. Bc3 Be5 22. Qc2 Bxc3 23. bxc3 g6 24. a4 b5 25. axb5 axb5 26. Rxa8 Rxa8 27. Qb3 Qb6 28. Bg2 c4 29. Qb4 Nc5 30. Re7 1-0


[Site "https://www.chess.com"]

[Event "Titled Tuesday Blitz February 28 Early 2023"]
[White "Fabris, Alberto"]
[Black "Kopczynski, Michal"]
[WhiteFideId "801348"]
[BlackFideId "1124200"]
[WhiteElo "2118"]
[BlackElo "2212"]
[Result "0-1"]
[Round "01"]
[TimeControl "180+2"]
[Date "2023.02.28"]
[WhiteClock "0:00:01"]
[BlackClock "0:00:07"]

1. e4 b6 2. d4 Bb7 3. Bd3 e6 4. Nf3 Nf6 5. Qe2 d5 6. e5 Nfd7 7. O-O c5 8. c3 Nc6 9. a3 Qc7 10. b4 c4 11. Bc2 O-O-O 12. a4 h6 13. Na3 Re8 14. Nb5 Qb8 15. a5 a6 16. Nd6+ Bxd6 17. exd6 b5 18. Bf4 f6 19. Bg6 e5 20. Bxe8 Rxe8 21. dxe5 fxe5 22. Bg3 Qxd6 23. Rad1 Qe6 24. Rfe1 g5 25. h3 g4 26. hxg4 Qxg4 27. Qc2 e4 28. Nd4 Nce5 29. Qe2 Qg6 30. Qe3 Nd3 31. Rf1 N7e5 32. Bxe5 Rxe5 33. Qh3+ Kd8 34. f4 Rh5 35. Qe6 Qxe6 36. Nxe6+ Ke7 37. Nd4 Bc8 38. g3 Bg4 39. Rd2 Kf6 40. Rh2 Rxh2 41. Kxh2 e3 42. Kg2 e2 43. Nxe2 Bxe2 44. Rh1 h5 45. Rb1 Bg4 46. Rh1 Kg6 47. Rb1 Bf5 48. Ra1 Be4+ 49. Kf1 Kf5 50. Ke2 Kg4 51. Ke3 Kf5 52. Kd4 Nf2 53. Kc5 Kg4 54. Rg1 Nh3 55. Rc1 Kxg3 56. Kb6 Nxf4 57. Kxa6 h4 58. Kxb5 Ne2 59. Re1 Nxc3+ 60. Kc5 Na4+ 61. Kb5 Nc3+ 62. Kc5 h3 63. a6 h2 64. a7 d4 65. Kxc4 h1=Q 0-1


[Site "https://www.chess.com"]

[Event "Titled Tuesday Blitz February 28 Early 2023"]
[White "Di Nicolantonio, Lucas"]
[Black "Gurevich, Ilya"]
[WhiteFideId "680460"]
[BlackFideId "2000628"]
[WhiteElo "2358"]
[BlackElo "2106"]
[Result "1-0"]
[Round "01"]
[TimeControl "180+2"]
[Date "2023.02.28"]
[WhiteClock "0:00:49"]
[BlackClock "0:00:23"]

1. e4 c5 2. Nf3 e6 3. d4 cxd4 4. Nxd4 Nf6 5. Nc3 Nc6 6. a3 Bc5 7. Be3 Qb6 8. Na4 Qa5+ 9. c3 Bxd4 10. b4 Qe5 11. cxd4 Qxe4 12. Nc3 Qg6 13. h4 d5 14. h5 Qg4 15. Be2 Qxg2 16. Bf3 Qxh1+ 17. Bxh1 a6 18. h6 g6 19. Bg5 Nd7 20. b5 Na5 21. Qe2 O-O 22. Be7 Re8 23. Bb4 Nb3 24. Rd1 e5 25. Nxd5 a5 26. Bd6 Re6 27. dxe5 Nbc5 28. Nc7 Ra7 29. Bxc5 Nxc5 30. Rd8+ 1-0


[Site "https://www.chess.com"]

[Event "Titled Tuesday Blitz February 28 Early 2023"]
[White "Levine, David"]
[Black "Poltorak, Sebastian"]
[WhiteFideId "2011611"]
[BlackFideId "1199498"]
[WhiteElo "2104"]
[BlackElo "2195"]
[Result "1-0"]
[Round "01"]
[TimeControl "180+2"]
[Date "2023.02.28"]
[WhiteClock "0:01:04"]
[BlackClock "0:00:04"]

1. d4 Nf6 2. c4 g6 3. g3 Bg7 4. Bg2 d6 5. Nf3 O-O 6. O-O Nbd7 7. Nc3 e5 8. e4 c6 9. h3 Qe7 10. Re1 a6 11. Be3 b6 12. Qc2 Bb7 13. Rad1 Rfd8 14. dxe5 Nxe5 15. b3 b5 16. Nxe5 dxe5 17. Bf1 Rxd1 18. Rxd1 Rd8 19. c5 Bf8 20. b4 Qe6 21. Rxd8 Kg7 22. Qd2 Ng8 23. Qd7 Qxd7 24. Rxd7 Bc8 25. Rc7 Ne7 26. a4 bxa4 27. Nxa4 Kf6 28. f4 Bf5 1-0


[Site "https://www.chess.com"]

[Event "Titled Tuesday Blitz February 28 Early 2023"]
[White "Kislov, Oleg"]
[Black "Chemin, Justo Reinaldo"]
[WhiteFideId "13503774"]
[BlackFideId "2101580"]
[WhiteElo "2186"]
[BlackElo "1940"]
[Result "1-0"]
[Round "01"]
[TimeControl "180+2"]
[Date "2023.02.28"]
[WhiteClock "0:00:06"]
[BlackClock "0:00:01"]

1. e4 e6 2. d4 d5 3. Nc3 Bb4 4. exd5 exd5 5. Bd3 Nf6 6. Ne2 O-O 7. Bg5 h6 8. Bh4 c6 9. O-O Re8 10. f3 Nbd7 11. Qd2 Nf8 12. Rae1 Bd7 13. Ng3 Rxe1 14. Rxe1 g5 15. Bxg5 hxg5 16. Qxg5+ Kh8 17. Nh5 Nxh5 18. Qxh5+ Kg7 19. f4 Qf6 20. Re5 Ng6 21. Bxg6 fxg6 22. Qf3 Rf8 23. Ne2 Bd6 24. Re3 c5 25. c3 cxd4 26. Nxd4 Bxf4 27. Re1 Qg5 28. g3 Bd6 29. Qg2 Bc5 30. Rd1 Bxd4+ 31. cxd4 Qe3+ 32. Kh1 Rf2 33. Qxd5 Bc6 34. Qxc6 1-0


[Site "https://www.chess.com"]

[Event "Titled Tuesday Blitz February 28 Early 2023"]
[White "Bongo Akanga Ndjila, Barthelemy"]
[Black "Ingebretsen, Jens E"]
[WhiteFideId "10609431"]
[BlackFideId "1522965"]
[WhiteElo "1768"]
[BlackElo "2213"]
[Result "0-1"]
[Round "01"]
[TimeControl "180+2"]
[Date "2023.02.28"]
[WhiteClock "0:00:53"]
[BlackClock "0:01:45"]

1. d4 Nf6 2. c4 e6 3. Nf3 d5 4. cxd5 exd5 5. Nc3 Bd6 6. Bg5 c6 7. Qc2 O-O 8. e3 h6 9. Bh4 Bg4 10. Nd2 Nbd7 11. Bd3 Re8 12. O-O Nf8 13. Rab1 Bh5 14. b4 Bxh2+ 15. Kxh2 Ng4+ 16. Kg3 g5 17. Nf3 gxh4+ 18. Nxh4 Qd6+ 19. f4 Rxe3+ 20. Nf3 Ng6 21. Bxg6 fxg6 22. Rbe1 Rf8 23. Kh3 Qxf4 24. Rxe3 Nxe3 25. Qf2 Bg4+ 26. Kh4 Nf5# 0-1


[Site "https://www.chess.com"]

[Event "Titled Tuesday Blitz February 28 Early 2023"]
[White "Bews, Steven"]
[Black "Seifert, Henryk"]
[WhiteFideId "2400529"]
[BlackFideId "1100963"]
[WhiteElo "2541"]
[BlackElo "2071"]
[Result "1-0"]
[Round "01"]
[TimeControl "180+2"]
[Date "2023.02.28"]
[WhiteClock "0:01:50"]
[BlackClock "0:00:01"]

1. e4 e6 2. d4 d5 3. Nd2 c5 4. Ngf3 Nc6 5. exd5 exd5 6. Bb5 Bd6 7. O-O cxd4 8. Nxd4 Bxh2+ 9. Kxh2 Qh4+ 10. Kg1 Qxd4 11. Re1+ Ne7 12. Bxc6+ bxc6 13. Qe2 Qf6 14. Nf3 h6 15. Be3 Be6 16. Bc5 O-O 17. Nd4 Rfe8 18. Nxe6 fxe6 19. Qxe6+ Qxe6 20. Rxe6 Kf7 21. Rae1 Nf5 22. Rxe8 Rxe8 23. Rxe8 Kxe8 24. Bxa7 Nd6 25. Bc5 Ne4 26. Bd4 g6 27. f3 Nd6 28. Kf2 Nf5 29. c3 Ke7 30. a4 Kd6 31. g4 Ne7 32. b4 Nc8 33. a5 Kc7 34. Bc5 Kb7 35. Kg3 Ka6 36. f4 Kb5 37. f5 1-0


[Site "https://www.chess.com"]

[Event "Titled Tuesday Blitz February 28 Early 2023"]
[White "Gutierrez Espinosa, Karen"]
[Black "Ilinca Ilinca, Felix Antonio"]
[WhiteFideId "3513238"]
[BlackFideId "54764998"]
[WhiteElo "2017"]
[BlackElo "2031"]
[Result "0-1"]
[Round "01"]
[TimeControl "180+2"]
[Date "2023.02.28"]
[WhiteClock "0:01:51"]
[BlackClock "0:01:46"]

1. e4 c5 2. Nf3 e6 3. d4 cxd4 4. Nxd4 Nf6 5. Nc3 Nc6 6. Be3 Bb4 7. Bd3 d5 8. exd5 Nxd5 9. Nxc6 bxc6 10. Bd2 O-O 11. Nxd5 Bxd2+ 12. Qxd2 cxd5 13. O-O Rb8 14. b3 e5 15. Qe3 Qc7 16. c4 d4 17. Qe4 f5 18. Qd5+ Kh8 19. f3 Rd8 0-1


[Site "https://www.chess.com"]

[Event "Titled Tuesday Blitz February 28 Early 2023"]
[White "Ehlvest, Jaan"]
[Black "Flis, Pawel"]
[WhiteFideId "4500016"]
[BlackFideId "1112864"]
[WhiteElo "2442"]
[BlackElo "1822"]
[Result "1-0"]
[Round "01"]
[TimeControl "180+2"]
[Date "2023.02.28"]
[WhiteClock "0:01:09"]
[BlackClock "0:00:44"]

1. e4 c5 2. Nf3 d6 3. Bb5+ Bd7 4. Bxd7+ Qxd7 5. O-O Nc6 6. c3 Nf6 7. Qe2 g6 8. d4 cxd4 9. cxd4 Bg7 10. Nc3 O-O 11. h3 a6 12. d5 Nb8 13. e5 dxe5 14. Nxe5 Qd8 15. Rd1 Nbd7 16. Bf4 Qb6 17. Nxd7 Nxd7 18. Qxe7 Qxb2 19. Qxd7 Qxc3 20. Rac1 Qf6 21. Bc7 Rac8 22. d6 Qb2 23. Qg4 h5 24. Qf3 Bh6 25. Rb1 Qxa2 26. Rxb7 a5 27. d7 Rxc7 28. Rxc7 Rd8 29. Qf6 1-0


[Site "https://www.chess.com"]

[Event "Titled Tuesday Blitz February 28 Early 2023"]
[White "Larina, Maria"]
[Black "Martin Duque, Jesus"]
[WhiteFideId "24113182"]
[BlackFideId "2208954"]
[WhiteElo "1848"]
[BlackElo "2305"]
[Result "0-1"]
[Round "01"]
[TimeControl "180+2"]
[Date "2023.02.28"]
[WhiteClock "0:00:10"]
[BlackClock "0:00:14"]

1. e4 c5 2. Nc3 Nc6 3. g3 g6 4. Bg2 d6 5. d3 Nf6 6. Be3 Ng4 7. Bg5 h6 8. Bd2 Bg7 9. h3 Nf6 10. f4 Rb8 11. Nf3 Nd7 12. O-O b5 13. e5 dxe5 14. Nh4 Nd4 15. f5 g5 16. Nf3 Nxf5 17. Ne4 Nd6 18. Qe2 Bb7 19. Nxd6+ exd6 20. c3 O-O 21. Kh2 f5 22. Rae1 d5 23. Ng1 a6 24. Qf2 Qc7 25. Re2 Rbe8 26. Rfe1 e4 27. dxe4 fxe4 28. Qe3 Ne5 29. Rf1 d4 30. cxd4 cxd4 31. Qb3+ Kh8 32. Bb4 Rxf1 33. Bxf1 Nf3+ 34. Nxf3 d3 35. Re1 Qc6 36. Nd2 e3 37. Nf3 Qxf3 0-1


[Site "https://www.chess.com"]

[Event "Titled Tuesday Blitz February 28 Early 2023"]
[White "Astafurov, Arseniy"]
[Black "Ricaurte Lopez, Juan Carlos"]
[WhiteFideId "24175218"]
[BlackFideId "3600327"]
[WhiteElo "2163"]
[BlackElo "2209"]
[Result "1-0"]
[Round "01"]
[TimeControl "180+2"]
[Date "2023.02.28"]
[WhiteClock "0:00:06"]
[BlackClock "0:00:03"]

1. c4 e5 2. Nc3 Nf6 3. Nf3 Nc6 4. e3 a6 5. a3 d5 6. cxd5 Nxd5 7. Qc2 Be7 8. b4 O-O 9. Bb2 Nb6 10. Be2 Kh8 11. O-O f5 12. d3 Bf6 13. Rac1 Be6 14. Rfe1 Rf7 15. e4 f4 16. Na4 Nxa4 17. Qxa4 Rd7 18. b5 Nd4 19. Bxd4 exd4 20. Qb4 Be7 21. Qd2 g5 22. Ne5 Rd6 23. a4 axb5 24. axb5 Rb6 25. Rb1 Qd6 26. Ng4 Ra2 27. Rb2 Qa3 28. Rxa2 Qxa2 29. Qc1 c5 30. bxc6 Rxc6 31. Qb1 Qxb1 32. Rxb1 b6 33. Ne5 1-0


[Site "https://www.chess.com"]

[Event "Titled Tuesday Blitz February 28 Early 2023"]
[White "Kriti Mayur Patel"]
[Black "Bilan, Danila"]
[WhiteFideId "35061780"]
[BlackFideId "24161918"]
[WhiteElo "1306"]
[BlackElo "2182"]
[Result "0-1"]
[Round "01"]
[TimeControl "180+2"]
[Date "2023.02.28"]
[WhiteClock "0:00:53"]
[BlackClock "0:01:02"]

1. e4 c6 2. d4 d5 3. exd5 cxd5 4. Bd3 Nc6 5. c3 Qc7 6. Ne2 Bg4 7. f3 Bd7 8. Bf4 e5 9. Bg3 Bd6 10. O-O Nf6 11. dxe5 Nxe5 12. Nd4 O-O 13. Re1 Rfe8 14. Bb5 Nc4 15. Rxe8+ Rxe8 16. Bxd6 Qxd6 17. Bxc4 dxc4 18. Nd2 b5 19. a4 a6 20. axb5 axb5 21. Ra5 g6 22. Nxb5 Qb6+ 23. Nd4 Qxa5 24. Nxc4 Qd5 25. Nb6 Qc5 26. Nxd7 Nxd7 27. h3 Ne5 28. Kh2 Nc6 29. Qa4 Qe5+ 30. g3 Nxd4 31. Qxd4 Qe2+ 32. Kg1 Qe1+ 33. Kg2 Re2+ 34. Qf2 Rxf2# 0-1


[Site "https://www.chess.com"]

[Event "Titled Tuesday Blitz February 28 Early 2023"]
[White "Jimenez Almeida, Luis David"]
[Black "Necula, Iulian"]
[WhiteFideId "22242244"]
[BlackFideId "1232380"]
[WhiteElo "2245"]
[BlackElo "1790"]
[Result "1-0"]
[Round "01"]
[TimeControl "180+2"]
[Date "2023.02.28"]
[WhiteClock "0:01:37"]
[BlackClock "0:00:14"]

1. e4 c5 2. Nc3 g6 3. h4 h5 4. Nh3 Bg7 5. Ng5 Nh6 6. d3 f6 7. Nh3 Nc6 8. Nf4 Kf7 9. Be2 e5 10. Nfd5 a6 11. Be3 d6 12. f4 Ng4 13. Bxg4 Bxg4 14. Qd2 Nd4 15. Nd1 b5 16. Nf2 f5 17. c3 Ne6 18. fxe5 Bxe5 19. Nxg4 hxg4 20. O-O-O Rxh4 21. Qf2 Rxh1 22. Rxh1 g3 23. Qf3 Qa5 24. exf5 Qxa2 25. fxe6+ Kxe6 26. Nc7+ Kd7 27. Rh7+ Kc8 28. Qxa8# 1-0


[Site "https://www.chess.com"]

[Event "Titled Tuesday Blitz February 28 Early 2023"]
[White "Jesusesmifuerza"]
[Black "Taboas Rodriguez, Daniel"]
[BlackFideId "2208466"]
[WhiteElo "1998"]
[BlackElo "2365"]
[Result "0-1"]
[Round "01"]
[TimeControl "180+2"]
[Date "2023.02.28"]
[WhiteClock "0:00:02"]
[BlackClock "0:00:21"]

1. d4 Nf6 2. Bg5 d5 3. e3 Ne4 4. Bf4 c5 5. Bd3 Qb6 6. Bxe4 dxe4 7. Nc3 cxd4 8. Qxd4 Qxd4 9. exd4 Bf5 10. Nge2 e6 11. Nb5 Na6 12. Nd6+ Bxd6 13. Bxd6 Kd7 14. Ba3 Rac8 15. c3 b5 16. O-O b4 17. Bxb4 Nxb4 18. cxb4 Rc2 19. Ng3 Rxb2 20. Rab1 Rxa2 21. Rfe1 Rb8 22. Nxe4 Bxe4 23. Rxe4 Rxb4 24. Rc1 a5 25. Rf4 f5 26. g4 g5 27. Rf3 f4 28. Rd3 a4 29. d5 e5 30. Rdc3 a3 31. Rc7+ Kd6 32. R1c5 Rb6 33. R7c6+ Rxc6 34. dxc6 Kc7 35. Ra5 f3 36. h4 gxh4 37. Kh2 Rxf2+ 38. Kh3 Ra2 39. Kxh4 f2 0-1


[Site "https://www.chess.com"]

[Event "Titled Tuesday Blitz February 28 Early 2023"]
[White "Florescu, Codrut-Constantin"]
[Black "Vargas, Mauricio"]
[WhiteFideId "1202200"]
[BlackFideId "4404572"]
[WhiteElo "2191"]
[BlackElo "2025"]
[Result "1-0"]
[Round "01"]
[TimeControl "180+2"]
[Date "2023.02.28"]
[WhiteClock "0:02:28"]
[BlackClock "0:00:46"]

1. e4 c5 2. Nf3 d6 3. d3 Nc6 4. g3 e5 5. h3 f5 6. exf5 Bxf5 7. Bg2 Nf6 8. Nc3 Be7 9. O-O O-O 10. Ng5 h6 11. Nge4 Nd4 12. Nxf6+ Rxf6 13. g4 Bc8 14. f4 exf4 15. Bxf4 Qf8 16. Nd5 Rf7 17. c3 Ne6 18. Nxe7+ Qxe7 19. Bg3 Rb8 20. Rxf7 Kxf7 21. Qe2 Kg8 22. Bd5 Kh8 23. Re1 1-0


[Site "https://www.chess.com"]

[Event "Titled Tuesday Blitz February 28 Early 2023"]
[White "Castillo Pena, Patricia Evarista"]
[Black "Turzo, Attila"]
[WhiteFideId "6412106"]
[BlackFideId "704954"]
[WhiteElo "1919"]
[BlackElo "2531"]
[Result "0-1"]
[Round "01"]
[TimeControl "180+2"]
[Date "2023.02.28"]
[WhiteClock "0:00:04"]
[BlackClock "0:01:30"]

1. d4 Nf6 2. Nf3 g6 3. Bf4 c5 4. e3 Bg7 5. Nc3 d5 6. Be2 O-O 7. h3 Nc6 8. a3 Bf5 9. O-O cxd4 10. exd4 Rc8 11. Rc1 Ne4 12. Nh4 Nxc3 13. bxc3 Bd7 14. Bf3 e5 15. Bg3 e4 16. Bg4 f5 17. Be2 f4 18. Bg4 fxg3 19. fxg3 Qe7 20. Qe2 Be6 21. Rb1 b6 22. Rbe1 Qd7 23. Kh2 g5 24. Nf5 Bxf5 25. Bxf5 Rxf5 26. Qg4 Rcf8 27. Rxf5 Qxf5 0-1


[Site "https://www.chess.com"]

[Event "Titled Tuesday Blitz February 28 Early 2023"]
[White "Borrmann, Laurenz"]
[Black "Lohani, Sujana"]
[WhiteFideId "312187930"]
[BlackFideId "12311987"]
[WhiteElo "2307"]
[BlackElo "1718"]
[Result "1-0"]
[Round "01"]
[TimeControl "180+2"]
[Date "2023.02.28"]
[WhiteClock "0:00:01"]
[BlackClock "0:00:03"]

1. e4 g6 2. d4 Bg7 3. Nc3 d6 4. Be3 Nf6 5. Qd2 Ng4 6. Bg5 h6 7. Bh4 Nd7 8. Nf3 c5 9. d5 Qb6 10. O-O-O Nde5 11. Bb5+ Bd7 12. Bxd7+ Nxd7 13. Rhe1 Nge5 14. Nxe5 Nxe5 15. Qe2 Qb4 16. a3 Qb6 17. f4 Nd7 18. e5 dxe5 19. d6 e6 20. Nb5 exf4 21. Be7 Rc8 22. a4 a6 23. Nc7+ Rxc7 24. dxc7 Qxb2+ 25. Kd2 Bc3+ 26. Kd3 c4+ 27. Ke4 Kxe7 28. Qxc4 Rc8 29. Kf3 Qb6 30. Qxc3 Rxc7 31. Qd3 Qc6+ 32. Kf2 1-0


[Site "https://www.chess.com"]

[Event "Titled Tuesday Blitz February 28 Early 2023"]
[White "Nan, M K Khine Hlyan"]
[Black "Ljukin, Sergei"]
[WhiteFideId "13002899"]
[BlackFideId "14102200"]
[WhiteElo "1943"]
[BlackElo "2312"]
[Result "0-1"]
[Round "01"]
[TimeControl "180+2"]
[Date "2023.02.28"]
[WhiteClock "0:00:21"]
[BlackClock "0:00:10"]

1. e4 e6 2. d4 d5 3. Bd3 dxe4 4. Bxe4 Nf6 5. Bd3 c5 6. dxc5 Bxc5 7. Bb5+ Bd7 8. Bxd7+ Nbxd7 9. Nf3 O-O 10. O-O a6 11. Nc3 b5 12. Bg5 Qb6 13. a4 b4 14. a5 Qc7 15. Na4 Ba7 16. Qe2 Qxa5 17. b3 Qf5 18. Nb2 Ne4 19. Be3 Nc3 20. Qc4 Bxe3 21. fxe3 Qxc2 22. Na4 a5 23. Rac1 Ne2+ 24. Kh1 Qxc4 25. Rxc4 Rfc8 26. Rxc8+ Rxc8 27. Nd4 Rc1 28. Rxc1 Nxc1 29. Nb2 e5 30. Nc6 Nxb3 31. Nc4 a4 32. Nxb4 f6 33. Na2 Kf7 34. Nc3 Ndc5 35. Nd6+ Ke6 36. Nc4 f5 37. Kg1 g5 38. Kf2 f4 39. e4 Nd4 40. Na3 g4 41. Nc4 h5 42. Na3 h4 43. Nc4 g3+ 44. hxg3 hxg3+ 45. Kf1 Nc2 46. Nd2 Ne3+ 47. Kg1 a3 48. Ndb1 Nxe4 49. Na2 Nc4 50. Nb4 Ned2 51. Nc3 e4 52. Nc2 f3 53. Nd4+ Kf6 54. gxf3 exf3 55. Nxf3 Nxf3+ 56. Kg2 Nfd2 57. Kxg3 Ke5 58. Na2 Kd4 59. Kf2 Kd3 60. Ke1 Kc2 61. Nb4+ Kb3 62. Nd3 Kc3 63. Nc1 Nb3 64. Na2+ Kb2 65. Nb4 Nc5 66. Nd3+ Nxd3+ 67. Ke2 a2 68. Kxd3 a1=Q 69. Kxc4 Qa4+ 70. Kc5 Kc3 71. Kd5 Qb5+ 72. Ke6 Qc5 73. Kd7 Kd4 74. Ke8 Qc7 75. Kf8 Ke5 76. Kg8 Kf6 77. Kh8 Qg7# 0-1


[Site "https://www.chess.com"]

[Event "Titled Tuesday Blitz February 28 Early 2023"]
[White "Karthik Rajaa"]
[Black "Nakamura, Hikaru"]
[WhiteFideId "25035215"]
[BlackFideId "2016192"]
[WhiteElo "2215"]
[BlackElo "2879"]
[Result "0-1"]
[Round "02"]
[TimeControl "180+2"]
[Date "2023.02.28"]
[WhiteClock "0:00:22"]
[BlackClock "0:01:08"]

1. Nf3 d5 2. c4 d4 3. b4 c5 4. bxc5 Nc6 5. g3 e5 6. d3 Nf6 7. Bg2 Nd7 8. O-O Nxc5 9. Nbd2 Be7 10. Nb3 Ne6 11. e3 a5 12. exd4 exd4 13. a3 a4 14. Nbd2 Nc5 15. Qc2 Bf5 16. Ne1 O-O 17. Rb1 Na5 18. Ne4 Ncb3 19. Qb2 Qd7 20. Nc2 Rad8 21. Nb4 b5 22. c5 Nxc5 23. Nxc5 Bxc5 24. Na6 Nb3 25. Nxc5 Nxc5 26. Qxb5 Bxd3 27. Qxc5 Bxb1 28. Bg5 Rc8 29. Qe7 Qxe7 30. Bxe7 Rfe8 0-1


[Site "https://www.chess.com"]

[Event "Titled Tuesday Blitz February 28 Early 2023"]
[White "Carlsen, Magnus"]
[Black "Rosen, Eric"]
[WhiteFideId "1503014"]
[BlackFideId "2032562"]
[WhiteElo "2852"]
[BlackElo "2359"]
[Result "1-0"]
[Round "02"]
[TimeControl "180+2"]
[Date "2023.02.28"]
[WhiteClock "0:01:42"]
[BlackClock "0:00:04"]

1. e4 c5 2. Nc3 Nc6 3. Bb5 Nd4 4. Nf3 a6 5. Bc4 e6 6. Nxd4 cxd4 7. Ne2 Bc5 8. O-O Ne7 9. c3 Nc6 10. b4 Ba7 11. Bb2 d5 12. exd5 exd5 13. Bb3 O-O 14. Nxd4 Nxd4 15. cxd4 Be6 16. Rc1 Qh4 17. Qf3 Rfd8 18. g3 Qe7 19. a3 Qd7 20. Rfe1 Rac8 21. Rc5 Bxc5 22. dxc5 d4 23. Bxe6 fxe6 24. Qe4 Qd5 25. f3 Qxe4 26. Rxe4 d3 27. Kf2 Rc6 28. Ke3 b6 29. cxb6 Rxb6 30. Rc4 Rbd6 31. Be5 Rd5 32. Ke4 R8d7 33. Rc6 a5 34. Rxe6 axb4 35. axb4 Rb5 36. Bc3 Kf7 37. Rc6 Rb8 38. f4 Re8+ 39. Be5 Red8 40. b5 Ra8 41. b6 Ra4+ 42. Ke3 Rb4 43. g4 Rb3 44. h4 Rb1 45. h5 Re1+ 46. Kf3 Rb1 47. g5 g6 48. hxg6+ hxg6 49. Rf6+ Ke7 50. Rxg6 Rb2 51. Bxb2 1-0


[Site "https://www.chess.com"]